 Dungeon Crawl Stone Soup version 0.28.0-47-ge53b351184 (webtiles) character file.

Game seed: 14440064476571590542

182 Allula97 the Insei (level 5, -5/38 HPs)
             Began as a Demonspawn Transmuter on May 4, 2022.
             Slain by a gnoll
             ... wielding a +0 spear
              (6 damage)
             ... on level 3 of the Dungeon.
             The game lasted 00:07:33 (3566 turns).

Allula97 the Insei (Demonspawn Transmuter)          Turns: 3566, Time: 00:07:34

Health: -5/38      AC:  5    Str:  9 (10) XL:     5   Next: 35%
Magic:  7/8        EV: 10    Int: 23 (25) God:
Gold:   114        SH:  0    Dex: 15      Spells: 5/8 levels left

rFire   . . .      SeeInvis .     - Unarmed
rCold   . . .      Faith    .   (no shield)
rNeg    . . .      Spirit   .   c - +0 ring mail
rPois   .          Reflect  .   (helmet currently unavailable)
rElec   .          Harm     .   (no cloak)
rCorr   .          Rampage  .   (no gloves)
Will    .....                   (boots currently unavailable)
Stlth   +.........              (no amulet)
HPRegen 0.12/turn               e - +6 ring of intelligence
MPRegen 0.22/turn               (no ring)

@: lethally poisoned (-5 -> -14), appendages (expiring), wereblooded, hasted,
very quick
A: horns 2, talons 2, claws 1, magic regeneration, big brain 2
a: End Transformation


You were on level 3 of the Dungeon.
You had temporarily grown beastly horns and talons.
You visited 1 branch of the dungeon, and saw 3 of its levels.

You collected 114 gold pieces.

Inventory:

Armour
 a - a +0 leather armour
 c - a +0 ring mail (worn)
Jewellery
 e - a +6 ring of intelligence (left claw)
Scrolls
 d - a scroll of brand weapon {unknown}
 f - a scroll of amnesia {unknown}
 g - 3 scrolls of identify {unknown}
 h - a scroll of immolation {unknown}
 i - 2 scrolls of teleportation {unknown}
 j - a scroll of blinking {unknown}
 k - a scroll of enchant weapon {unknown}
 l - a scroll of holy word {unknown}
 m - a scroll of vulnerability {unknown}


   Skills:
 * Level 1.7 Fighting
 * Level 1.6 Armour
 * Level 2.2 Dodging
 + Level 0.7 Stealth
 * Level 4.1 Unarmed Combat
 * Level 2.4 Spellcasting
 * Level 2.2 Transmutations


You had 5 spell levels left.
You knew the following spells:

 Your Spells              Type           Power      Damage    Failure   Level
a - Beastly Appendage     Tmut           26%        N/A       13%         1
b - Wereblood             Tmut           13%        N/A       21%         2

Your spell library contained the following spells:

 Spells                   Type           Power      Damage    Failure   Level
 Spider Form              Tmut/Pois      8%         N/A       52%         3
 Ignite Poison            Fire/Tmut/Pois 6%         N/A       58%         3
 Conjure Flame            Conj/Fire      2%         6-21      69%         3
 Ice Form                 Ice/Tmut       8%         N/A       90%         4
 Sticky Flame             Conj/Fire      2%         2d3       97%         4


Dungeon Overview and Level Annotations

Branches:
Dungeon (3/15)

Altars:
Dithmenos
Nemelex Xobeh

Annotations:
D:3 1 transporter, Kangaroobicon's ghost, weakling PaFi


Innate Abilities, Weirdness & Mutations

You have temporarily grown beastly horns and talons.
You have sharp fingernails.
You regenerate magic rapidly.
You have an extremely huge brain. (Int +4)


Message History

It was a potion of haste.
You feel yourself speed up.
There is a transporter here.
Casting: Beastly Appendage (safe; 13% risk of failure)
Confirm with . or Enter, or press ? or * to list all spells.
You don't know that spell.
Casting: Beastly Appendage (safe; 13% risk of failure)
Confirm with . or Enter, or press ? or * to list all spells.
You grow a pair of large bovine horns.
Your feet morph into talons.
You enter the transporter and appear at another place.
Okay, then.
Okay, then.
Unknown command.
You are not religious.
You are not religious.
Your transformation is almost over.
Casting: Beastly Appendage (safe; 13% risk of failure)
Confirm with . or Enter, or press ? or * to list all spells.
Your blood is infused with primal strength.
The gnoll hits you from afar with a +4 vampiric halberd!
You scratch the gnoll but do no damage. Your kick misses the gnoll.
The gnoll barely misses you.
You claw the gnoll! You claw the gnoll, but do no damage.
The gnoll is heavily wounded.
The gnoll barely misses you.
You closely miss the gnoll. You claw the gnoll, but do no damage.
The gnoll is heavily wounded.
The gnoll hits you from afar with a +1 spear of venom.
The gnoll hits you from afar with a +0 spear.
You scratch the gnoll. Your kick misses the gnoll.
The gnoll is severely wounded.
The gnoll hits you with a +4 vampiric halberd!
* * * LOW HITPOINT WARNING * * *
The gnoll draws strength from your wounds!
You scratch the gnoll. You claw the gnoll. Your headbutt misses the gnoll.
The gnoll is severely wounded.
The gnoll hits you from afar with a +1 spear of venom.
* * * LOW HITPOINT WARNING * * *
You are lethally poisoned!
The gnoll hits you from afar with a +0 spear.
You die...

.#.###.≈≈.##.# #.##.≈≈.#.###...
##.# #.≈≈.#..# #.©#.≈≈....##...
##.###.≈≈.##.#####g##.≈≈..#.##...
.#.##......#.#8⌠8#.#..≈≈.##..#...
.'.##.....§#.'.©.'.#©.≈).###.#...
.#.........#.#...#.#..≈≈.###.#...
.#.....≈≈.##.##g##.##.≈≈..)...###
.#.....≈≈.#..#...#..#.≈≈..###.##
.#.....≈≈.##.'..@g.##.≈≈..# #..#
.......≈≈..#.#...#g#..≈≈..# ##.##
######.≈≈###.##'##.###≈≈..# #..#
#.≈≈#...........#≈≈..# ##.#
######)≈≈#8.###.###.8#≈≈..# #..
.......≈≈#..#8###8#..#≈≈..# ##.
.......≈≈####.....####≈≈..# #.
.......≈≈≈≈≈≈≈≈≈≈≈≈≈≈≈≈≈.## ###
.......≈≈≈≈≈≈≈≈≈≈≈≈≈≈≈≈≈.# #..


You could see 3 gnolls.

Vanquished Creatures
  An orc priest (D:3)
  An orc wizard (D:3)
  3 gnolls (D:3)
  3 adders
  3 orcs (D:3)
  4 ball pythons
  5 endoplasms
  A giant cockroach (D:2)
  2 goblins (D:1)
  9 hobgoblins
  3 jackals (D:1)
  4 quokkas
  7 bats
  7 frilled lizards
  12 kobolds
  6 rats
71 creatures vanquished.

Vanquished Creatures (others)
  6 plants (D:3)
6 creatures vanquished.

Grand Total: 77 creatures vanquished

Notes
Turn   | Place    | Note
-------+----------+-------------------------------------------
     0 | D:1      | Allula97 the Demonspawn Transmuter began the quest for the
                  | Orb.
     0 | D:1      | Reached XP level 1. HP: 15/15 MP: 3/3
   353 | D:1      | Reached skill level 3 in Unarmed Combat
   353 | D:1      | Gained mutation: You regenerate magic rapidly. [demonic
                  | ancestry]
   353 | D:1      | Reached XP level 2. HP: 20/21 MP: 5/5
   871 | D:1      | Gained mutation: You have an unusually large brain. (Int
                  | +2) [demonic ancestry]
   871 | D:1      | Reached XP level 3. HP: 22/26 MP: 6/6
  1138 | D:2      | Learned a level 2 spell: Wereblood
  1307 | D:2      | Found a shadowy altar of Dithmenos.
  1393 | D:2      | Found a faded altar of an unknown god.
  1642 | D:2      | Reached skill level 1 in Armour
  2067 | D:3      | HP: 1/26 [orc wizard/+0 dagger (1)]
  2082 | D:3      | Gained mutation: You have an extremely huge brain. (Int +4)
                  | [demonic ancestry]
  2082 | D:3      | Reached XP level 4. HP: 3/32 MP: 7/7
  2083 | D:3      | HP: 1/48 [orc wizard/+0 dagger (2)]
  2427 | D:3      | Found a sparkling altar of Nemelex Xobeh.
  2643 | D:3      | Found a transporter.
  2652 | D:3      | Reached skill level 4 in Unarmed Combat
  2652 | D:3      | Gained mutation: You have sharp fingernails. [demonic
                  | ancestry]
  2652 | D:3      | Reached XP level 5. HP: 19/38 MP: 8/8
  2720 | D:3      | Noticed Kangaroobicon's ghost (weakling PaFi)
  3148 | D:3      | Found a transporter.
  3566 | D:3      | HP: 1/38 [gnoll/+1 spear of venom (4)]
  3566 | D:3      | Slain by a gnoll

Illustrated notes

Levels and vault maps discovered:
D:1:      dpeg_arrival_arbitrary_c, layout_loops_ring, minmay_pentomino_z2
D:2:      layout_basic, basic_altar, hellmonk_ecumenical_altar_leap_of_faith
D:3:      layout_basic, mainiacjoe_overflow_catwalk,
          gammafunk_ghost_gnarly_gnolls, columned_hall_lemuel

Skill      XL: |  1  2  3  4 |
---------------+-------------+-----
Unarmed Combat | 3 4 |  4.1
Transmutations | 2 |  2.2
Dodging        | 2 |  2.2
Armour         | 1 |  1.6
Fighting       | |  1.7
Stealth        | |  0.7
Spellcasting   | |  2.4

Action                   |  1- 3 |  4- 6 || total
-------------------------+-------+-------++-------
Melee: Unarmed           |   168 |    83 ||   251
       Kick              |     9 |     9 ||    18
       Headbutt          |     5 |     2 ||     7
       Punch             |     3 |     3 ||     6
 Cast: Beastly Appendage |     6 |     4 ||    10
       Wereblood         |       |     1 ||     1
  Use: Potion            |     3 |     1 ||     4
Armor: Ring mail         |    65 |    16 ||    81
       Robe              |     4 |       ||     4
       Skin              |     7 |    15 ||    22
Dodge: Dodged            |    79 |    30 ||   109
